 Dungeon Crawl Stone Soup version 0.31-a0-988-g08d55dae12 (webtiles) character file.

Game seed: 8619572175991539534

9 Azuregosa the Sneak (level 2, -2/21 HPs)
             Began as an Octopode Delver on Nov 5, 2023.
             Slain by a gnoll
             ... wielding a +0 halberd
             ... led by a gnoll sergeant
              (8 damage)
             ... on level 5 of the Dungeon.
             The game lasted 00:01:22 (107 turns).

Azuregosa the Sneak (Octopode Delver)                Turns: 107, Time: 00:01:22

Health: -2/21      AC:  1    Str: 11    XL:     2   Next: 12%
Magic:  2/2        EV: 13    Int: 12    God:
Gold:   0          SH:  0    Dex: 13    Spells: 1/1 levels left

rFire   . . .        a - +0 hand axe
rCold   . . .        (no shield)
rNeg    . . .        (helmet restricted)
rPois   .            (no amulet)
rElec   .            (no ring)
rCorr   .            (no ring)
SInv    .            (no ring)
Will    .....        (no ring)
Stlth   ++++         (no ring)
HPRegen 0.23/turn    (no ring)
MPRegen 0.08/turn    (no ring)
                     (no ring)

%: no passive effects
@: no status effects
A: almost no armour, amphibious, 8 rings, camouflage 1, gelatinous body 1,
(nimble swimmer 1), tentacles
a: no special abilities


You were on level 5 of the Dungeon.
You visited 1 branch of the dungeon, and saw 2 of its levels.

Inventory:

Hand Weapons
 a - a +0 hand axe (weapon)
Wands
 f - a wand of digging (3)
Scrolls
 b - a scroll of fog
 d - a scroll of fear
Potions
 c - a potion of might {unknown}
 e - a potion of haste


   Skills:
 - Level 3.0 Fighting
 - Level 2.0 Axes
 - Level 2.0 Dodging
 + Level 7.2 Stealth


You had one spell level left.
You didn't know any spells.
Your spell library was empty.

Dungeon Overview and Level Annotations

Branches:
Dungeon (6/15)             Temple (0/1) D:5

Altars:


Innate Abilities, Weirdness & Mutations

You cannot wear most types of armour.
You are amphibious.
You can wear up to eight rings at the same time.
Your skin changes colour to match your surroundings (Stealth+).
Your rubbery body absorbs attacks. (AC +1, EV +1)
((You are camouflaged when in or above water. (Stealth+)))
You have tentacles for arms and can constrict up to eight enemies at once.


Message History

You barely miss the adder.
You squeeze the adder, but do no damage.
The adder is almost dead.
You constrict the adder. The adder bites you.
You are poisoned.
The adder poisons you!
You barely miss the adder.
The adder is almost dead.
You constrict the adder.
You kill the adder!
You feel sick.
Your Stealth skill increases to level 7!
You have reached level 2!
You start resting.
You feel sick. x3
You are no longer poisoned.
You start resting.
HP restored.
You open the door.
There is an open door here.
Found a glowing green potion and a leather armour.
Found 19 gold pieces.
An orc wizard, an orc and 3 gnolls come into view.
The orc is wielding a +2 dagger of pain.
Found a book of Blood and 19 gold pieces.
You see here a glowing green potion.
c - a glowing green potion The gnoll shouts!
A gnoll sergeant comes into view. It is wielding a +0 trident.
Press: ? - help, v - describe, . - travel, g - get item Item here: a book of Blood.
The floor. 2 gnolls come into view.
The gnoll sergeant shouts!
The gnoll shouts!
The gnoll shouts!
Found a stone staircase leading down.
The gnoll hits you with a +0 flail! The gnoll attacks as it pursues you!
The gnoll closely misses you.
The gnoll sergeant hits you from afar with a +0 trident!
* * * LOW HITPOINT WARNING * * *
The gnoll hits you from afar with a +0 halberd!
You die...

,,,..*#..........,,,*
***,.##.#...........#
#*,*,.#.....g..$....#
.####,..............####******
....###..[..........>..,,,,,,*
........##.....g.....###****,*
+#............gg......<...,,,*
...#.........g#.....##..##******
...+...........g@..<......,,,,,*
...#..........#########.##****,*
#######################.## *,*
♣♣♣ ♣♣♣♣♣♣♣♣♣♣##.## *,* ..♣♣
♣♣♣♣♣♣♣♣♣♣♣#.## *,* ♣..♣♣
♣♣♣♣♣♣.>♣♣♣#.## *,* ♣♣..♣
♣♣♣♣♣..♣♣♣♣#.## *,* ♣.♣♣
♣♣♣♣...♣♣♣♣♣♣#.## *,* ♣♣.♣♣
♣♣...♣♣♣♣♣♣♣♣##.## *,*


You could see a gnoll sergeant and 5 gnolls.

Vanquished Creatures
  An adder (D:5)
1 creature vanquished.

Notes
Turn   | Place    | Note
-------+----------+-------------------------------------------
     0 | D:5      | Azuregosa the Octopode Delver began the quest for the Orb.
     0 | D:5      | Reached XP level 1. HP: 16/16 MP: 1/1
    24 | D:5      | Reached skill level 7 in Stealth
    24 | D:5      | Reached XP level 2. HP: 11/21 MP: 2/2
    99 | D:5      | Noticed a gnoll sergeant
   107 | D:5      | Slain by a gnoll

Illustrated notes

Levels and vault maps discovered:
D:5:      kb_forest_paths, layout_basic, minmay_misc_feat_iff,
          guppyfry_early_orc_mine, uniq_blork_the_orc
D:6:      wad_guarded_room, layout_basic, nicolae_ashenzari_panopticon,
          uniq_pikel, uniq_sigmund

Skill      XL: |  1 |
---------------+----+-----
Stealth        | 7 |  7.2
Fighting       | |  3.0
Axes           | |  2.0
Dodging        | |  2.0

Action                     || total
---------------------------++-------
  Melee: Hand axe          ||     6
         Constrict         ||     1
         Tentacles         ||     1
    Use: Scroll            ||     1
   Stab: Sleeping          ||     1
 Armour: Skin              ||     6
  Dodge: Dodged            ||     6

Table legend: (Time is in decaauts)
 A = Elapsed time spent in this place.
 B = Non-inter-level travel time spent in this place.
 C = Inter-level travel time spent in this place.
 D = Time resting spent in this place.
 E = Time spent auto-exploring this place.
 F = Levels seen in this place.
 G = Mean time per level.
                   A        B        C        D        E       F      G
               +--------+--------+--------+--------+--------+-----+--------+
         Total |    108 |    108 |      0 |     56 |      0 |   2 |   54.0 |
       Dungeon |    108 |    108 |      0 |     56 |      0 |   2 |   54.0 |
               +--------+--------+--------+--------+--------+-----+--------+

Top non-repeatable levels by time:
     D:5: 106 daAuts
     D:6: 1 daAuts
